 Dungeon Crawl Stone Soup version 0.20-a0-15-g26ddc15 (webtiles) character file.

196 Maramoto the Digger (level 5, -2/42 HPs)
             Began as a Gargoyle Earth Elementalist on Nov 3, 2016.
             Slain by a big kobold
             ... wielding a +0 dagger
              (6 damage)
             ... on level 3 of the Dungeon.
             The game lasted 00:11:40 (3687 turns).

Maramoto the Digger (Gargoyle Earth Elementalist)   Turns: 3687, Time: 00:11:41

Health: -2/42      AC:  9    Str: 16    XL:     5   Next: 75%
Magic:  6/11       EV: 17    Int: 17    God:
Gold:   158        SH:  0    Dex: 15    Spells: 3 memorised, 3 levels left

rFire  . . .     SeeInvis .     j - +4 rapier (drain)
rCold  . . .     Gourm    .     c - +1 robe
rNeg   + . .     Faith    .     (no shield)
rPois  ∞         Spirit   .     h - +0 helmet
rElec  +         Reflect  .     (no cloak)
rCorr  .         Harm     .     (no gloves)
MR     .....                    f - +0 pair of boots
Stlth  ..........               (no amulet)
                                (no ring)
                                (no ring)

@: agile, berserking (expiring), very quick
A: negative energy resistance 1, electricity resistance, unbreathing,
petrification resistance, rot immunity, AC +4
a: no special abilities


You were on level 3 of the Dungeon.
You were not hungry.

You visited 1 branch of the dungeon, and saw 3 of its levels.

You collected 158 gold pieces.

Inventory:

Hand Weapons
 i - a +0 club
 j - a +4 rapier of draining (weapon)
 l - a +3 dagger of electrocution
Missiles
 b - 244 stones (quivered)
Armour
 c - a +1 robe (worn)
 f - a +0 pair of boots (worn)
 h - a +0 helmet (worn)
Wands
 k - a wand of acid (10/15)
Scrolls
 o - a scroll of remove curse
Potions
 n - a potion of flight {unknown}
 p - a potion of brilliance {unknown}
Books
 e - a book of Geomancy

   Spells                             Type                      Level
   a - Sandblast                      Earth                        1
   b - Passwall                       Transmutation/Earth          2
   c - Stone Arrow                    Conjuration/Earth            3
   d - Petrify                        Transmutation/Earth          4
   e - Lee's Rapid Deconstruction     Earth                        5
 r - a book of Changes

   Spells                             Type                      Level
   a - Beastly Appendage              Transmutation                1
   b - Sticks to Snakes               Transmutation                2
   c - Spider Form                    Transmutation/Poison         3
   d - Ice Form                       Ice/Transmutation            4
   e - Blade Hands                    Transmutation                5
Comestibles
 d - 2 bread rations
 g - a meat ration
 q - 17 chunks of flesh


   Skills:
 - Level 1.5 Dodging
 - Level 2.1 Stealth
 * Level 4.1 Spellcasting
 + Level 2.2 Conjurations
   Level 0.7 Transmutations
 + Level 4.9 Earth Magic


You had 3 spell levels left.
You knew the following spells:

 Your Spells              Type           Power        Failure   Level  Hunger
a - Sandblast             Erth           ###...       2%          1    None
b - Stone Arrow           Conj/Erth      ###...       12%         3    ###....
c - Lee's Rapid Deconstr  Erth           ###.......   71%         5    ######.


Dungeon Overview and Level Annotations

Branches:
Dungeon (3/15)

Altars:
Kikubaaqudgha


Innate Abilities, Weirdness & Mutations

You are resistant to torment.
Your stone body is resilient. (AC +4)
You are immune to poison.
You resist negative energy. (rN+)
You are resistant to electric shocks. (rElec)
You can survive without breathing.
You are immune to petrification.
You are immune to rotting.


Message History

The gnoll barely misses you. The big kobold misses you.
The big kobold hits you with a short sword.
* * * LOW HITPOINT WARNING * * *
You puncture the gnoll!
You kill the gnoll!
The goblin barely misses you. The hobgoblin hits you with a club.
* * * LOW HITPOINT WARNING * * *
The gnoll barely misses you. The big kobold barely misses you. x2
You barely miss the big kobold. The goblin closely misses you.
The hobgoblin misses you.
The big kobold hits you but does no damage.
The gnoll hits you but does no damage.
You puncture the big kobold!
The big kobold is moderately wounded.
The big kobold hits you but does no damage.
The goblin barely misses you.
You puncture the big kobold! You drain the big kobold!
The big kobold is almost dead.
The gnoll barely misses you. The big kobold hits you with a dagger.
You die...

######## ######## .#..[..##
##(.(...# )'......###..(...)#
##.......#...(.K@)##
.........#.....Kggg..#
().......'(.....KK...#
.).......#..$........#
##)......#........##+#
)'(....(###.......# .#.....##
##......# ≈≈≈≈≈≈≈
################### ≈≈≈≈≈≈≈
≈≈≈≈≈≈≈≈≈≈≈≈≈≈≈≈≈≈#####≈≈≈≈≈≈≈


You could see 3 big kobolds, a gnoll, a hobgoblin, a goblin and a kobold.

Vanquished Creatures
  Robin (D:2)
  5 gnolls (D:3)
  2 adders
  An orc (D:3)
  2 ball pythons
  4 giant cockroaches
  28 goblins
  31 hobgoblins
  4 jackals (D:1)
  6 kobolds
  8 bats
  4 frilled lizards
  5 rats
101 creatures vanquished.

Vanquished Creatures (others)
  A human (D:2)
1 creature vanquished.

Grand Total: 102 creatures vanquished

Notes
Turn   | Place    | Note
-------+----------+-------------------------------------------
     0 | D:1      | Maramoto the Gargoyle Earth Elementalist began the quest for the Orb.
     0 | D:1      | Reached XP level 1. HP: 10/10 MP: 3/3
    88 | D:1      | Reached XP level 2. HP: 8/15 MP: 0/5
  1046 | D:1      | Reached XP level 3. HP: 14/19 MP: 7/7
  1072 | D:1      | Learned a level 3 spell: Stone Arrow
  1578 | D:2      | Found an ancient bone altar of Kikubaaqudgha.
  1578 | D:2      | Noticed a human
  1581 | D:2      | Killed a human
  2202 | D:2      | Noticed Robin
  2224 | D:2      | Killed Robin
  2224 | D:2      | Reached skill level 1 in Conjurations
  2224 | D:2      | Reached XP level 4. HP: 21/24 MP: 2/8
  3149 | D:3      | Reached XP level 5. HP: 28/28 MP: 10/10
  3276 | D:3      | Learned a level 5 spell: Lee's Rapid Deconstruction
  3673 | D:3      | Noticed a big kobold
  3675 | D:3      | Noticed a big kobold
  3677 | D:3      | Noticed a big kobold
  3687 | D:3      | Slain by a big kobold

Vault maps used:
D:1:      dpeg_arrival_court, minmay_domino_2
D:2:      minmay_misc_feat_columns, chequers_big_river, tgw_kikubaaqudgha,
          uniq_robin
D:3:      minmay_goblin_kobold_castle, first_bread, minmay_vboxes

Skill      XL: |  1  2  3  4  5 |
---------------+----------------+-----
Earth Magic    | 4 |  4.9
Spellcasting   | 3 4 |  4.1
Conjurations   | 1 2 |  2.2
Dodging        | |  1.5
Stealth        | |  2.1
Transmutations | |  0.7

Action                   |  1- 3 |  4- 6 || total
-------------------------+-------+-------++-------
Melee: Dagger            |    37 |    39 ||    76
       Short sword       |    92 |    19 ||   111
       Rapier            |       |    80 ||    80
 Cast: Sandblast         |    28 |       ||    28
       Stone Arrow       |       |     3 ||     3
  Use: Potion            |     3 |     3 ||     6
       Scroll            |     2 |     5 ||     7
 Stab: Sleeping          |     4 |       ||     4
  Eat: Chunk             |     4 |     4 ||     8
       Pizza             |       |     1 ||     1
Armor: Robe              |    42 |    57 ||    99
       Skin              |    29 |    15 ||    44
Dodge: Dodged            |   102 |   128 ||   230
